 Dungeon Crawl Stone Soup version 0.31-a0-691-g409c26aa35 (webtiles) character file.

Game seed: 442807348330356213

114 lunkers the Insei (level 5, 0/40 HPs)
             Began as a Meteoran Shapeshifter on Sept 6, 2023.
             Slain by a jackal (1 damage)
             ... on level 2 of the Dungeon.
             The game lasted 00:01:35 (742 turns).

lunkers the Insei (Meteoran Shapeshifter)            Turns: 742, Time: 00:01:35

Health: 0/40       AC:  2    Str: 15    XL:     5   Next: 42%
Magic:  6/6        EV: 12    Int: 12    God:
Gold:   94         SH:  0    Dex: 15    Spells: 4/4 levels left

rFire   . .          .
                       - Unarmed
rCold   . . .        (no shield)
rNeg    . . .        a - +0 animal skin
rPois   .            (helmet currently unavailable)
rElec   .            (cloak currently unavailable)
rCorr   .            (gloves currently unavailable)
SInv    .            (boots currently unavailable)
Will    .....        (no amulet)
Stlth   +            (no ring)
HPRegen 0.26/turn    (no ring)
MPRegen 0.10/turn

%: no passive effects
@: beast-form, slowed, glowing, very slow
A: beast (slay +2), sense surroundings 1, otherworldly, glowing, explore regen
a: Begin Untransformation


You were on level 2 of the Dungeon.
You were a hulking beast.
You visited 1 branch of the dungeon, and saw 2 of its levels.

You collected 94 gold pieces.

Inventory:

Missiles
 p - 4 curare-tipped darts
Armour
 a - a +0 animal skin (worn)
Jewellery
 m - a ring of positive energy
Talismans
 c - a beast talisman (active)
 d - a flux talisman
 l - a maw talisman
Scrolls
 e - 3 scrolls of identify {unknown}
 f - a scroll of poison {unknown}
 g - a scroll of vulnerability {unknown}
 h - a scroll of summoning {unknown}
 i - 2 scrolls of enchant armour {unknown}
 j - a scroll of brand weapon {unknown}
 o - a scroll of teleportation {unknown}
 r - a scroll of silence {unknown}
Potions
 b - a potion of lignification
 k - a potion of attraction {unknown}
 n - a potion of resistance {unknown}
 q - a potion of curing {unknown}


   Skills:
 - Level 1.1 Fighting
 - Level 2.1 Dodging
 * Level 5.7 Unarmed Combat
 + Level 4.6 Shapeshifting


You had 4 spell levels left.
You didn't know any spells.
Your spell library was empty.

Dungeon Overview and Level Annotations

Branches:
Dungeon (2/15) Zot: 461

Altars:


Innate Abilities, Weirdness & Mutations

You are a hulking beast.
Your limbs bulge with bestial killing power. (Slay +2)
You passively map a small area around you.
You are easily found by Zot.
You glow in the dark.
You regain HP and MP as you explore.


Message History

The jackal misses you. The jackal bites you.
* * * LOW HITPOINT WARNING * * *
You hit the jackal.
The jackal is almost dead.
The jackal barely misses you. The jackal bites you.
* * * LOW HITPOINT WARNING * * *
The jackal barely misses you. The jackal closely misses you.
The jackal bites you.
* * * LOW HITPOINT WARNING * * *
The jackal bites you.
* * * LOW HITPOINT WARNING * * *
You punch the jackal!
You kill the jackal!
The jackal bites you but does no damage.
The jackal bites you.
* * * LOW HITPOINT WARNING * * *
The jackal closely misses you. x2
The jackal bites you but does no damage.
You hit the jackal.
You kill the jackal!
The jackal barely misses you.
The jackal bites you but does no damage. x2
Unknown command.
Found a stone staircase leading down.
The jackal bites you but does no damage.
The jackal barely misses you. The jackal misses you. x2
The jackal bites you but does no damage.
You see here a jackal corpse.
You barely miss the jackal. The jackal barely misses you. The jackal bites you.
* * * LOW HITPOINT WARNING * * *
The jackal bites you.
* * * LOW HITPOINT WARNING * * *
You completely miss the jackal. The jackal barely misses you.
The jackal bites you but does no damage. x2
The jackal closely misses you.
Unknown command.
You completely miss the jackal. The jackal bites you.
* * * LOW HITPOINT WARNING * * *
The jackal bites you.
You die...

, #.# * * ..# #.# # ,
#..# #.# # * #..# #.#
# #..# #.# # #..# #.#
# ######..#########.#
#
.###...hh.........##.#
# * , .......h...##.#
#.##.###
>###..###.....#
#....... , , #. *
#.##..###.###... , ..
, ...##......###... ##
######............ *
####.#####... *, #.#
#... * *#.# ###. * ,,
... #.


You could see 2 jackals.

Vanquished Creatures
  Natasha (twice) (D:2)
  3 adders (D:2)
  3 ball pythons
  5 bats
  4 goblins
  5 hobgoblins
  2 jackals (D:2)
  3 kobolds
  3 quokkas
  2 frilled lizards (D:1)
  3 rats (D:1)
35 creatures vanquished.

Notes
Turn   | Place    | Note
-------+----------+-------------------------------------------
     0 | D:1      | lunkers the Meteoran Shapeshifter began the quest for the
                  | Orb.
     0 | D:1      | Reached XP level 1. HP: 16/16 MP: 2/2
    55 | D:1      | Reached skill level 4 in Unarmed Combat
    55 | D:1      | Reached XP level 2. HP: 12/23 MP: 3/3
   322 | D:1      | Reached XP level 3. HP: 28/28 MP: 4/4
   504 | D:1      | Glimpsed the power of Zot.
   545 | D:2      | Noticed Natasha
   554 | D:2      | Killed Natasha
   555 | D:2      | Reached skill level 5 in Unarmed Combat
   555 | D:2      | Reached XP level 4. HP: 15/35 MP: 5/5
   720 | D:2      | Reached XP level 5. HP: 37/40 MP: 6/6
   725 | D:2      | Noticed Natasha
   734 | D:2      | Killed Natasha
   740 | D:2      | HP: 2/40 [jackal (2)]
   742 | D:2      | Slain by a jackal

Illustrated notes

Levels and vault maps discovered:
D:1:      lordsloth_arrival_two_stooges, layout_loops_corners,
          minmay_tetromino_o4
D:2:      layout_loops_ring, uniq_natasha

Skill      XL: |  1  2  3 |
---------------+----------+-----
Unarmed Combat | 4 5 |  5.7
Shapeshifting  | 4 |  4.6
Fighting       | |  1.1
Dodging        | |  2.1

Action                     |  1- 3 |  4- 6 || total
---------------------------+-------+-------++-------
  Melee: Unarmed           |    64 |    39 ||   103
         Punch             |     2 |     1 ||     3
 Armour: Animal skin       |    41 |    41 ||    82
  Dodge: Dodged            |    46 |    39 ||    85

Table legend: (Time is in decaauts)
 A = Elapsed time spent in this place.
 B = Non-inter-level travel time spent in this place.
 C = Inter-level travel time spent in this place.
 D = Time resting spent in this place.
 E = Time spent auto-exploring this place.
 F = Levels seen in this place.
 G = Mean time per level.
                   A        B        C        D        E       F      G
               +--------+--------+--------+--------+--------+-----+--------+
         Total |    737 |    698 |     39 |      0 |    466 |   2 |  368.5 |
       Dungeon |    737 |    698 |     39 |      0 |    466 |   2 |  368.5 |
               +--------+--------+--------+--------+--------+-----+--------+

Top non-repeatable levels by time:
     D:1: 540 daAuts
     D:2: 197 daAuts
